 Dungeon Crawl Stone Soup version 0.28.0-1-gb440e238dd (webtiles) character file.

Game seed: 10584799213100425537

42 Kraken2834 the Skirmisher (level 3, -7/33 HPs)
             Began as a Minotaur Berserker on Feb 21, 2022.
             Was a Believer of Trog.
             Mangled by Sigmund (12 damage)
             ... on level 2 of the Dungeon.
             The game lasted 00:01:33 (1019 turns).

Kraken2834 the Skirmisher (Minotaur Berserker)      Turns: 1019, Time: 00:01:34

Health: -7/33      AC:  2    Str: 23    XL:     3   Next: 35%
Magic:  2/2        EV: 12    Int:  4    God:    Trog [**....]
Gold:   61         SH:  0    Dex:  9    Spells: 2/2 levels left

rFire   . . .      SeeInvis .   a - +0 mace
rCold   . . .      Faith    .   (no shield)
rNeg    . . .      Spirit   .   b - +0 animal skin
rPois   .          Reflect  .   (helmet restricted)
rElec   .          Harm     .   (no cloak)
rCorr   .          Rampage  .   (no gloves)
Will    .....                   (no boots)
Stlth   +.........              (no amulet)
HPRegen 0.11/turn               (no ring)
MPRegen 0.08/turn               (no ring)

@: confused
A: horns 2, retaliatory headbutt
a: Renounce Religion, Berserk, Trog's Hand


You were on level 2 of the Dungeon.
You worshipped Trog.
Trog was pleased with you.
You visited 1 branch of the dungeon, and saw 2 of its levels.

You collected 61 gold pieces.

Inventory:

Hand Weapons
 a - a +0 mace (weapon)
Armour
 b - a +0 animal skin (worn)
Scrolls
 e - a scroll of identify {unknown}
 f - 2 scrolls of teleportation {unknown}
 g - a scroll of blinking {unknown}
 i - a scroll of fear {unknown}
 j - a scroll of summoning {unknown}
Potions
 c - a potion of magic {unknown}
 d - a potion of ambrosia {unknown}
 h - 2 potions of berserk rage {unknown}


   Skills:
 * Level 4.2 Fighting
 * Level 4.1 Maces & Flails
 * Level 3.2 Armour
 + Level 2.4 Dodging


You had 2 spell levels left.
You didn't know any spells.
Your spell library was empty.

Dungeon Overview and Level Annotations

Branches:
Dungeon (2/15)

Altars:

Annotations:
D:2 Sigmund


Innate Abilities, Weirdness & Mutations

You have a pair of horns on your head.
You reflexively headbutt those who attack you in melee.


Message History

The hobgoblin is almost dead.
The hobgoblin hits you. The endoplasm hits you.
You hit the endoplasm.
The endoplasm is heavily wounded.
The hobgoblin hits you but does no damage.
The endoplasm barely misses you. You furiously retaliate!
You headbutt the endoplasm.
You kill the endoplasm!
Trog accepts your kill. The kobold hits you but does no damage.
You sock the hobgoblin!
You kill the hobgoblin!
Trog accepts your kill. The kobold closely misses you.
You closely miss the kobold. Your headbutt misses the kobold.
The kobold hits you with a +0 short sword.
You sock the kobold!
You kill the kobold!
Trog accepts your kill.
You see here a +0 short sword.
HP restored.
Found a mace.
You see here a +0 mace.
Sigmund the Dreaded comes into view.
He is wielding a +0 scythe.
Sigmund shouts!
Sigmund mumbles some strange words.
Sigmund flickers and vanishes!
Deactivating autopickup; reactivate with Ctrl-A.
There is a strange disturbance nearby!
Found 11 gold pieces.
Something hits you. Something hits you!
You barely miss something. Something hits you!
* * * LOW HITPOINT WARNING * * *
You hit something. You thump something! Your headbutt misses something.
You hear some strange, mumbled words.
You are confused.
Something hits you!
You die...

... #.# #.# #.
#.# #. #.# .##.#
#.#
....###{#####.#
####..#.@.$.....
.........#####.#
#####...#......
#####
##..#.###..
....##### #..#.#
........#
#..#.###
....##.##
##.#...#
#....#.#
####..##.##.
#......#
#...........


There were no monsters in sight!

Vanquished Creatures
  3 dart slugs
  4 endoplasms
  2 giant cockroaches (D:1)
  2 goblins (D:1)
  5 hobgoblins
  4 kobolds
  A quokka (D:1)
  5 ball pythons
  3 bats (D:1)
  3 rats (D:1)
32 creatures vanquished.

Notes
Turn   | Place    | Note
-------+----------+-------------------------------------------
     0 | D:1      | Kraken2834 the Minotaur Berserker began the quest for the
                  | Orb.
     0 | D:1      | Reached XP level 1. HP: 19/19 MP: 0/0
    81 | D:1      | Reached XP level 2. HP: 22/27 MP: 1/1
   524 | D:1      | Reached XP level 3. HP: 33/33 MP: 2/2
   528 | D:1      | Reached ** piety under Trog
   704 | D:2      | Found a faded altar of an unknown god.
  1012 | D:2      | Noticed Sigmund
  1019 | D:2      | Mangled by Sigmund

Illustrated notes

Levels and vault maps discovered:
D:1:      minmay_arrival_jagged, layout_rooms
D:2:      layout_basic, nicolae_ecumenical_oubliette, uniq_sigmund

Skill      XL: |  1  2 |
---------------+-------+-----
Armour         | 3 |  3.2
Fighting       | 4 |  4.2
Maces & Flails | 4 |  4.1
Dodging        | |  2.4

Action                   || total
-------------------------++-------
Melee: Mace              ||    60
       Headbutt          ||    10
Armor: Animal skin       ||    15
Dodge: Dodged            ||    37
